 Dungeon Crawl Stone Soup version 0.26.0-16-gc1dbca0489 (webtiles) character file.

Game seed: 12119496648181141358

2519 Marvel the Covert (level 9, 0/42 HPs)
             Began as a Spriggan Enchanter on Jan 22, 2021.
             Was a Follower of Dithmenos.
             Succumbed to Harold's poison
             ... on level 8 of the Dungeon.
             The game lasted 00:26:17 (6962 turns).

Marvel the Covert (Spriggan Enchanter)              Turns: 6962, Time: 00:26:18

Health: 0/42       AC:  4    Str:  4    XL:     9   Next: 29%
Magic:  14/20      EV: 20    Int: 19    God:    Dithmenos [*.....]
Gold:   358        SH:  0    Dex: 17    Spells: 10/22 levels left

rFire    . . .     SeeInvis +   r - +4 short sword
rCold    . . .     Faith    .   (shield restricted)
rNeg     . . .     Spirit   .   b - +0 robe
rPois    .         Reflect  .   (helmet restricted)
rElec    .         Harm     .   t - +1 cloak
rCorr    .         Rampage  .   (gloves unavailable)
Will     +....                  (boots unavailable)
Stlth    +++++++...             (no amulet)
HPRegen  0.14/turn              p - ring of stealth
MPRegen  0.17/turn              (no ring)

@: lethally poisoned (0 -> -29), confusing touch, marked, wreathed by umbra,
very quick
A: very small, unfitting armour, see invisible, speed 3
a: Renounce Religion


You were on level 8 of the Dungeon.
You worshipped Dithmenos.
Dithmenos was aware of your devotion.
You visited 2 branches of the dungeon, and saw 9 of its levels.

You collected 358 gold pieces.

Inventory:

Hand Weapons
 a - a +1 dagger
 r - a +4 short sword (weapon)
 s - a +2 short sword of electrocution
Missiles
 x - 2 boomerangs of dispersal
Armour
 b - a +0 robe (worn)
 o - a +0 cloak
 t - a +1 cloak (worn)
Jewellery
 p - a ring of stealth (left hand)
Wands
 v - a wand of iceblast (12)
Scrolls
 c - a scroll of fear
 d - 3 scrolls of magic mapping {unknown}
 g - a scroll of teleportation
 j - 4 scrolls of remove curse {unknown}
 k - a scroll of noise {unknown}
 m - a scroll of amnesia {unknown}
 n - 9 scrolls of identify
 u - 3 scrolls of immolation {unknown}
 y - 2 scrolls of fog {unknown}
Potions
 e - 2 potions of haste {unknown}
 f - 3 potions of degeneration {unknown}
 h - 3 potions of lignification {unknown}
 i - 2 potions of cancellation {unknown}
 l - a potion of berserk rage
 q - 6 potions of curing
 w - a potion of heal wounds {unknown}
 z - a potion of might


   Skills:
 + Level 2.2 Fighting
 + Level 5.2 Short Blades
 + Level 5.2 Dodging
 + Level 12.1 Stealth
 + Level 7.0 Spellcasting
 + Level 6.9 Hexes
 + Level 2.0 Ice Magic


You had 10 spell levels left.
You knew the following spells:

 Your Spells              Type           Power        Failure   Level
a - Corona                Hex            36%          1%          1
b - Confusing Touch       Hex            33%          1%          3
c - Ensorcelled Hibernat  Hex/Ice        46%          2%          2
d - Tukima's Dance        Hex            33%          1%          3
e - Dazzling Flash        Conj/Hex       38%          8%          3

Your spell library contained the following spells:

 Spells                   Type           Power        Failure   Level
 Gell's Gravitas          Tloc           3%           30%         3
 Metabolic Englaciation   Hex/Ice        11%          41%         5
 Yara's Violent Unravell  Hex/Tmut       9%           56%         5
 Petrify                  Tmut/Erth      6%           69%         4


Dungeon Overview and Level Annotations

Branches:
Dungeon (8/15)             Temple (1/1) D:5
   Lair: D:8-11

Altars:
Ashenzari
Cheibriados
Dithmenos
Fedhas
Gozag
Hepliaklqana
Kikubaaqudgha
Makhleb
Qazlal
Ru
Uskayaw
Vehumet
Wu Jian
Xom
Yredelemnul
Zin
The Shining One

Annotations:
D:2 Robin
D:4 Menkaure
D:5 exclusion: oklob plant
D:6 2 transporters, lasso's ghost, novice OpTm
D:8 Harold; Maggie


Innate Abilities, Weirdness & Mutations

You are very small and have problems with some larger weapons.
You are too small for most types of armour.
You have supernaturally acute eyesight. (SInv)
You cover ground extremely quickly.


Message History

Harold completely misses you.
You barely miss Harold.
Harold is severely wounded.
The white imp gestures at you. The puff of frost misses you.
Harold hits you with a +2 short sword of venom!
You are poisoned.
You hit Harold but do no damage.
Harold is severely wounded.
You feel sick. The white imp closely misses you.
Harold hits you with a +2 short sword of venom!
* * * LOW HITPOINT WARNING * * *
You are more poisoned.
You hit Harold but do no damage.
Harold is severely wounded.
* * * LOW HITPOINT WARNING * * *
You feel sick. The white imp closely misses you.
You hit Harold but do no damage.
Harold is severely wounded.
You die...

. ##. ...
.##########.#
............#
............#
......@5Z...#
#######@###.# .
#.## @. #..#
...#########.##.#
..?...........#.#
..............#.#
......†.......#.#
.....########.#.#
#### ....
########...## #..
..


You could see Harold, a white imp and a hound skeleton.

Vanquished Creatures
  A centaur zombie (D:7)
  2 water moccasins (D:6)
  An orc warrior (D:6)
  2 ice beasts
  A necrophage (D:7)
  A phantom (D:7)
  2 sky beasts
  An ogre (D:6)
  A centaur (D:7)
  4 bullfrogs
  A gnoll sergeant (D:7)
  3 scorpions
  3 killer bees (D:8)
  A bullfrog zombie (D:6)
  A quasit (D:7)
  A hound (D:7)
  2 orc priests
  2 jellies
  4 orc wizards
  2 worker ants
  3 worker ant zombies
  2 howler monkey skeletons
  8 gnolls
  4 adders
  A shadow imp (D:6)
  A white imp (D:7)
  3 oozes
  An adder zombie (D:8)
  2 adder skeletons (D:4)
  2 worms (D:2)
  5 leopard geckos
  11 orcs
  10 goblins
  2 hobgoblins
  8 kobolds
  A quokka (D:8)
  A ball python (D:2)
  3 bats
  7 frilled lizards
  6 rats
117 creatures vanquished.

Notes
Turn   | Place    | Note
-------+----------+-------------------------------------------
     0 | D:1      | Marvel the Spriggan Enchanter began the quest for the Orb.
     0 | D:1      | Reached XP level 1. HP: 9/9 MP: 5/5
   438 | D:1      | Reached XP level 2. HP: 13/13 MP: 6/6
   521 | D:1      | Reached skill level 5 in Stealth
  1470 | D:2      | Reached XP level 3. HP: 16/16 MP: 8/8
  1474 | D:2      | Learned a level 3 spell: Confusing Touch
  1477 | D:2      | Learned a level 2 spell: Ensorcelled Hibernation
  1607 | D:2      | Noticed Robin
  2361 | D:4      | Noticed an ogre
  2363 | D:4      | Noticed a bullfrog
  2679 | D:3      | Reached skill level 1 in Fighting
  2679 | D:3      | Reached XP level 4. HP: 22/22 MP: 9/9
  2884 | D:4      | Reached XP level 5. HP: 18/25 MP: 8/11
  2930 | D:4      | Reached skill level 6 in Stealth
  2955 | D:4      | Noticed Menkaure
  3055 | D:5      | Entered Level 5 of the Dungeon
  3211 | D:5      | Reached XP level 6. HP: 30/30 MP: 12/12
  3215 | D:5      | Found a staircase to the Ecumenical Temple.
  3236 | Temple   | Entered the Ecumenical Temple
  3267 | Temple   | Became a worshipper of Dithmenos the Shadowed
  3424 | D:5      | Found a blossoming altar of Fedhas.
  3444 | D:5      | Noticed an oklob plant
  3599 | D:5      | Learned a level 3 spell: Tukima's Dance
  3698 | D:6      | Noticed a water moccasin
  3699 | D:6      | Noticed an orc warrior
  3765 | D:6      | Reached skill level 7 in Stealth
  3773 | D:6      | Noticed a water moccasin
  3790 | D:6      | Reached skill level 5 in Hexes
  3832 | D:6      | Killed a water moccasin
  3833 | D:6      | Reached skill level 1 in Ice Magic
  3833 | D:6      | Reached XP level 7. HP: 33/33 MP: 11/14
  3928 | D:6      | Reached skill level 8 in Stealth
  4051 | D:6      | Noticed lasso's ghost (novice OpTm)
  4060 | D:6      | Found a transporter.
  4274 | D:6      | Reached skill level 9 in Stealth
  4289 | D:6      | Learned a level 3 spell: Dazzling Flash
  4385 | D:6      | Found a transporter.
  4445 | D:6      | Reached skill level 5 in Spellcasting
  4451 | D:6      | Reached XP level 8. HP: 30/38 MP: 9/16
  4603 | D:6      | Reached * piety under Dithmenos
  4604 | D:6      | Reached skill level 10 in Stealth
  5073 | D:7      | Reached skill level 11 in Stealth
  5231 | D:7      | Found a glowing golden altar of the Shining One.
  5549 | D:7      | Reached skill level 5 in Dodging
  5549 | D:7      | Reached XP level 9. HP: 30/42 MP: 9/19
  5572 | D:7      | Reached skill level 5 in Short Blades
  6574 | D:8      | Found an ancient bone altar of Kikubaaqudgha.
  6688 | D:8      | Reached skill level 12 in Stealth
  6691 | D:8      | HP: 2/42 [worker ant zombie (5)]
  6939 | D:8      | Noticed Maggie
  6949 | D:8      | Noticed Harold
  6961 | D:8      | HP: 2/42 [poisoned by Harold]
  6962 | D:8      | Succumbed to Harold's poison

Illustrated notes

Levels and vault maps discovered:
D:1:      scummos_arrival_simple_fountains, layout_loops_ring
D:2:      layout_basic, uniq_natasha, uniq_robin
D:3:      layout_loops_corners, uniq_crazy_yiuf_cottage
D:4:      layout_loops_cross, nzn_overflow_gifts_of_might_and_magic,
          minmay_misc_feat_chi, uniq_eustachio, uniq_menkaure
D:5:      layout_loops_cross, minmay_temple_entry_overgrown,
          minmay_fountain_box, tgw_fedhas
D:6:      layout_basic, gammafunk_ghost_stat_death, minmay_diced_spiral
D:7:      layout_layer_cave, kennysheep_mini, kennysheep_potato
D:8:      layout_basic, nicolae_overflow_crystal_walls, old_standard_altar,
          corexii_leaking_fountain, uniq_maggie, uniq_harold
Temple:   nicolae_temple_no_exploring_needed

Skill      XL: |  1  2  3  4  5  6  7  8  9 |
---------------+----------------------------+-----
Hexes          | 4 5 6 |  6.9
Stealth        | 5 6 7 9 11 12 | 12.1
Spellcasting   | 3 4 5 6 7 |  7.0
Short Blades   | 2 3 4 5 |  5.2
Fighting       | 1 2 |  2.2
Dodging        | 4 5 |  5.2
Ice Magic      | 1 2 |  2.0

Action                   |  1- 3 |  4- 6 |  7- 9 || total
-------------------------+-------+-------+-------++-------
Melee: Dagger            |   130 |       |       ||   130
       Short sword       |    21 |    39 |   172 ||   232
 Cast: Corona            |    23 |       |       ||    23
       Confusing Touch   |     3 |     4 |    24 ||    31
       Ensorcelled Hiber |     1 |    11 |    36 ||    48
  Use: Potion            |     1 |     1 |     1 ||     3
       Scroll            |       |     5 |       ||     5
 Stab: Sleeping          |    14 |    13 |    34 ||    61
       Confused          |     3 |     2 |    21 ||    26
Armor: Robe              |     5 |     1 |     9 ||    15
Dodge: Dodged            |   121 |    31 |   102 ||   254
